 Dungeon Crawl Stone Soup version 0.31-a0-180-g519b7de00c (webtiles) character file.

Game seed: 7156957099858783670

79 qw the Shooter (level 4, -5/40 HPs)
             Began as a Naga Hunter on June 19, 2023.
             Killed by nerve-wracking pain
             ... invoked by Grinder
              (12 damage)
             ... on level 3 of the Dungeon.
             The game lasted 00:00:46 (1765 turns).

qw the Shooter (Naga Hunter)                        Turns: 1765, Time: 00:00:46

Health: -5/40      AC:  4    Str: 13    XL:     4   Next: 38%
Magic:  4/4        EV:  9    Int: 10    God:
Gold:   153        SH:  0    Dex: 16    Spells: 3/3 levels left

rFire   . . .        Y - +0 shortbow
rCold   . . .        (shield currently unavailable)
rNeg    . . .        c - +0 leather armour
rPois   +            e - +2 hat
rElec   .            (no cloak)
rCorr   .            (no gloves)
SInv    +            (no barding)
Will    .....        (no amulet)
Stlth   ++           (no ring)
HPRegen 0.26/turn    (no ring)
MPRegen 0.09/turn

%: no passive effects
@: about to teleport, very slow
A: AC +1, large, see invisible, deformed body, poison resistance, slowness 2,
spit poison 1, naga tail 1
a: Spit Poison


You were on level 3 of the Dungeon.
You visited 1 branch of the dungeon, and saw 3 of its levels.

You collected 153 gold pieces.


Innate Abilities, Weirdness & Mutations

Your serpentine skin is tough. (AC +1)
You have supernaturally acute eyesight. (SInv)
Armour fits poorly on your strangely shaped body.
Your system is resistant to poisons. (rPois)
You cover ground very slowly.
You can spit poison.
You have a snake-like lower body.


   Skills:
 + Level 2.6 Fighting
 - Level 5.0 Ranged Weapons
 - Level 1.5 Dodging
 - Level 1.5 Stealth


You had 3 spell levels left.
You didn't know any spells.
Your spell library was empty.

Inventory:

Hand Weapons
 Y - a +0 shortbow (weapon)
Armour
 c - a +0 leather armour (worn)
 e - a +2 hat (worn)
Scrolls
 a - 2 scrolls of teleportation
 b - 2 scrolls of identify
 d - a scroll of blinking
 h - a scroll of enchant armour {unknown}
Potions
 g - a potion of berserk rage {unknown}

Dungeon Overview and Level Annotations

Branches:
Dungeon (3/15)

Altars:
Nemelex Xobeh
Wu Jian

Annotations:
D:3 Grinder


Message History

You shoot an arrow. The arrow hits Grinder.
Grinder is moderately wounded.
You shoot an arrow. The arrow closely misses Grinder.
You shoot an arrow.
The arrow hits Grinder but does no damage.
Grinder is moderately wounded.
Grinder gestures at you. You resist with significant effort.
You shoot an arrow.
The arrow hits Grinder but does no damage.
Grinder is moderately wounded.
Grinder gestures at you. Pain shoots through your body!
You shoot an arrow. The arrow barely misses Grinder.
You shoot an arrow. The arrow barely misses Grinder.
You shoot an arrow. The arrow hits Grinder.
Grinder is moderately wounded.
Grinder gestures at you. You resist with significant effort.
You shoot an arrow. The arrow barely misses Grinder.
Grinder hits you but does no damage.
You shoot an arrow. The arrow closely misses Grinder.
Grinder gestures at you. Pain shoots through your body!
You shoot an arrow. The arrow closely misses Grinder.
Grinder hits you!
You writhe in agony.
You shoot an arrow. The arrow hits Grinder.
Grinder is moderately wounded.
Grinder gestures at you. You resist with significant effort. Grinder hits you.
You writhe in agony.
1764 ||| READING 3 scrolls of teleportation.
As you read the scroll of teleportation, it crumbles to dust.
You feel strangely unstable.
Grinder blinks!
You shoot an arrow.
The arrow hits Grinder but does no damage.
Grinder is moderately wounded.
Grinder gestures at you. Pain shoots through your body!
You die...

##./.# ##.# .....##
### #¤¤¤ ......## #¤¤¤
.......#### .#¤¤¤
..........#### .#¤¤¤
...(...#...5.# #.#¤¤¤
.......#.....######.##
.......#.............#
)......#####....@#..
......## #####.#
.....## #..$ ######
###... ####


You could see Grinder.

Vanquished Creatures
  An adder (D:2)
  A worm (D:2)
  2 dart slugs
  5 ball pythons
  2 endoplasms (D:1)
  4 giant cockroaches
  7 goblins
  5 hobgoblins
  5 kobolds
  4 quokkas
  10 bats
  5 frilled lizards
  9 rats
60 creatures vanquished.

Notes
Turn   | Place    | Note
-------+----------+-------------------------------------------
     0 | D:1      | qw the Naga Hunter began the quest for the Orb.
     0 | D:1      | Reached XP level 1. HP: 19/19 MP: 1/1
     0 | D:1      | 0 ||| qw: Version: 0.3-a-7-ge0c9b40
     0 | D:1      | 0 ||| qw: Game counter: 924
     0 | D:1      | 0 ||| qw: Always use a shield: true
     0 | D:1      | 0 ||| qw: God list: Okawaru
     0 | D:1      | 0 ||| qw: Allow faded altars: false
     0 | D:1      | 0 ||| qw: Do Orc after D:15 true
     0 | D:1      | 0 ||| qw: Do second Lair branch before Depths: true
     0 | D:1      | 0 ||| qw: Lair rune preference: random
     0 | D:1      | 0 ||| qw: Plans: Normal
     0 | D:1      | 0 ||| PLANNING D:1-11
     4 | D:1      | 4 ||| INVOKING Spit Poison.
    31 | D:1      | 31 ||| INVOKING Spit Poison.
    79 | D:1      | 79 ||| INVOKING Spit Poison.
    80 | D:1      | Reached skill level 4 in Ranged Weapons
    80 | D:1      | Reached XP level 2. HP: 26/26 MP: 2/2
   113 | D:1      | 113 ||| INVOKING Spit Poison.
   119 | D:1      | 119 ||| INVOKING Spit Poison.
   129 | D:1      | 129 ||| INVOKING Spit Poison.
   140 | D:1      | 140 ||| INVOKING Spit Poison.
   183 | D:1      | 183 ||| INVOKING Spit Poison.
   186 | D:1      | 186 ||| INVOKING Spit Poison.
   229 | D:1      | 229 ||| INVOKING Spit Poison.
   235 | D:1      | 235 ||| INVOKING Spit Poison.
   240 | D:1      | 240 ||| INVOKING Spit Poison.
   246 | D:1      | 246 ||| INVOKING Spit Poison.
   252 | D:1      | 252 ||| INVOKING Spit Poison.
   331 | D:1      | 331 ||| INVOKING Spit Poison.
   332 | D:1      | Reached XP level 3. HP: 32/32 MP: 3/3
   379 | D:1      | 379 ||| INVOKING Spit Poison.
   470 | D:1      | 470 ||| INVOKING Spit Poison.
   487 | D:1      | 487 ||| INVOKING Spit Poison.
   515 | D:1      | 515 ||| INVOKING Spit Poison.
   626 | D:1      | 626 ||| UPGRADING to +2 hat.
   631 | D:1      | 631 ||| READING scroll labelled ORHYXK XAULYD.
   636 | D:1      | 636 ||| DRINKING 2 murky pink potions.
   637 | D:1      | 637 ||| DROPPING scroll of butterflies.
   638 | D:1      | 638 ||| DROPPING potion of brilliance.
   693 | D:2      | 693 ||| INVOKING Spit Poison.
   725 | D:2      | 725 ||| INVOKING Spit Poison.
   756 | D:2      | 756 ||| INVOKING Spit Poison.
   844 | D:2      | 844 ||| INVOKING Spit Poison.
   845 | D:2      | Reached skill level 5 in Ranged Weapons
   848 | D:2      | Reached XP level 4. HP: 39/39 MP: 4/4
   860 | D:2      | 860 ||| INVOKING Spit Poison.
   944 | D:2      | 944 ||| INVOKING Spit Poison.
   951 | D:2      | 951 ||| INVOKING Spit Poison.
  1086 | D:2      | 1086 ||| INVOKING Spit Poison.
  1098 | D:2      | 1098 ||| INVOKING Spit Poison.
  1101 | D:2      | 1101 ||| INVOKING Spit Poison.
  1269 | D:2      | 1269 ||| DROPPING +6 ring of intelligence.
  1270 | D:2      | 1270 ||| READING scroll labelled ZEICVY XESAE.
  1271 | D:2      | 1271 ||| READING scroll labelled AROENK CAASCHYMAS.
  1272 | D:2      | 1272 ||| READING scroll labelled OSO HEDACLOC.
  1309 | D:3      | 1309 ||| INVOKING Spit Poison.
  1324 | D:3      | 1324 ||| INVOKING Spit Poison.
  1328 | D:3      | 1328 ||| INVOKING Spit Poison.
  1362 | D:3      | Found a sparkling altar of Nemelex Xobeh.
  1367 | D:3      | Identified the +0 robe of Curiosity {+Inv}
  1413 | D:3      | 1413 ||| INVOKING Spit Poison.
  1419 | D:3      | 1419 ||| INVOKING Spit Poison.
  1439 | D:3      | 1439 ||| INVOKING Spit Poison.
  1442 | D:3      | 1442 ||| INVOKING Spit Poison.
  1468 | D:3      | 1468 ||| INVOKING Spit Poison.
  1480 | D:3      | 1480 ||| INVOKING Spit Poison.
  1486 | D:3      | Noticed Grinder
  1486 | D:3      | Paralysed by Grinder for 4 turns
  1501 | D:3      | Paralysed by Grinder for 4 turns
  1505 | D:3      | HP: 9/40 [Grinder (4)]
  1506 | D:3      | 1506 ||| READING 4 scrolls of teleportation.
  1669 | D:3      | Found an ornate altar of the Wu Jian Council.
  1746 | D:3      | 1746 ||| DROPPING +0 robe of Curiosity {+Inv}.
  1747 | D:3      | 1747 ||| READING 2 scrolls labelled EWNEESMIRU.
  1763 | D:3      | HP: 8/40 [Grinder (5)]
  1764 | D:3      | 1764 ||| READING 3 scrolls of teleportation.
  1765 | D:3      | Killed from afar by Grinder

Levels and vault maps discovered:
D:1:      dpeg_arrival_subterranean_lakeside_camping, layout_rooms,
          minmay_vboxes
D:2:      layout_loops_ring
D:3:      layout_rooms, mainiacjoe_overflow_paths,
          pdpol_wu_jian_five_deadly_venoms, nicolae_qazlal_eye_of_the_storm,
          uniq_grinder

Skill      XL: |  1  2  3 |
---------------+----------+-----
Ranged Weapons | 4 5 |  5.0
Fighting       | |  2.6
Dodging        | |  1.5
Stealth        | |  1.5

Action                     |  1- 3 |  4- 6 || total
---------------------------+-------+-------++-------
   Fire: Shortbow          |    66 |    59 ||   125
Ability: Spit Poison       |    23 |    15 ||    38
    Use: Scroll            |     1 |     6 ||     7
         Potion            |     1 |       ||     1
 Armour: Leather armour    |     4 |     8 ||    12
  Dodge: Dodged            |     6 |     6 ||    12

Table legend:
 A = Non-vault XP
 B = Vault XP
 C = Vault XP percentage of total XP
 D = Non-vault monster count
 E = Vault monster count
 F = Vault count percentage of total count
                 A         B        C        D         E       F
            +---------+---------+-------+---------+---------+-------
      Total |      96 |      18 |  15.8 |      48 |      12 |  20.0
            +---------+---------+-------+---------+---------+-------
        D:1 |      39 |      18 |  31.6 |      23 |      12 |  34.3
        D:2 |      36 |       0 |   0.0 |      12 |       0 |   0.0
        D:3 |      21 |       0 |   0.0 |      13 |       0 |   0.0
            +---------+---------+-------+---------+---------+-------
